 Dungeon Crawl Stone Soup version 0.21-a0-496-g696f58f (console) character file.

2865 hexaflexagon the Immaculate (level 9, -1/61 HPs)
             Began as an Octopode Monk on Nov 23, 2017.
             Was a High Priest of Zin.
             Slain by a manticore (8 damage)
             ... on level 8 of the Dungeon.
             The game lasted 00:21:17 (10547 turns).

hexaflexagon the Immaculate (Octopode Monk)        Turns: 10547, Time: 00:21:17

Health: -1/61      AC:  1    Str: 26    XL:     9   Next: 75%
Magic:  0/15       EV: 16    Int: 20    God:    Zin [*****.]
Gold:   352        SH:  5    Dex: 18    Spells: 8/8 levels left

rFire    + + +     SeeInvis .   a - +3 mace (crush)
rCold    . . .     Gourm    .   F - +0 buckler
rNeg     + + +     Faith    .   (helmet restricted)
rPois    ∞         Spirit   +   I - amulet "Arphasib" {Spirit Str+6}
rElec    .         Reflect  .   r - +5 ring of intelligence
rCorr    +         Harm     .   A - +3 ring of strength
MR       .....                  D - ring "Ifusmug" {rCorr rPois rF+++ rN+++ Str-2 Dex-2}
Stlth    +++.......             (no ring)
HPRegen  0.20/turn              (no ring)
MPRegen  0.14/turn              (no ring)
                                (no ring)
                                (no ring)

@: mighty, vitalised, barbed spikes
A: almost no armour, stealthy swim, amphibious, 8 rings, constrict 8, camouflage
1, gelatinous body 1
a: Recite, Vitalisation, Imprison, Sanctuary, Donate Gold, Renounce Religion


You were on level 8 of the Dungeon.
You worshipped Zin.
Zin was extremely pleased with you.
You were near starving.

You visited 1 branch of the dungeon, and saw 9 of its levels.

You collected 530 gold pieces.
You spent 125 gold pieces at shops.
You donated 53 gold pieces to Zin.

Inventory:

Hand Weapons
 a - a +3 mace of crushing (weapon)
 b - a +4 hunting sling
Missiles
 e - 57 sling bullets
 t - 179 stones (quivered)
Armour
 p - a cursed +0 shield
 F - a +0 buckler (worn)
Jewellery
 r - a +5 ring of intelligence (left tentacle)
 y - a +3 amulet of reflection
 z - an uncursed ring of fire
 A - a +3 ring of strength (right tentacle)
 D - the ring "Ifusmug" (on tentacle) {rCorr rPois rF+++ rN+++ Str-2 Dex-2}
   (You bought it in a shop on level 6 of the Dungeon)

   [ring of resist corrosion]

   It affects your strength (-2).
   It affects your dexterity (-2).
   It renders you almost immune to fire.
   It protects you from poison.
   It renders you almost immune to negative energy.
 I - the amulet "Arphasib" (around mantle) {Spirit Str+6}
   (You found it on level 7 of the Dungeon)

   [amulet of guardian spirit]

   It causes incoming damage to be split between your health and magic.
   It affects your strength (+6).
 L - an uncursed amulet of rage {unknown}
Wands
 C - a wand of iceblast (1)
 H - a wand of digging (14)
Scrolls
 c - 7 scrolls of teleportation
 d - 5 scrolls of remove curse
 h - 4 scrolls of immolation
 j - 4 scrolls of enchant armour {unknown}
 l - 6 scrolls of identify
 m - 3 scrolls of amnesia
 n - 3 scrolls of enchant weapon
 u - a scroll of blinking {unknown}
 v - a scroll of fear {unknown}
 w - a scroll of random uselessness {unknown}
 x - a scroll of noise {unknown}
 M - a scroll of torment {unknown}
Potions
 f - a potion of agility
 k - 2 potions of might
 o - 2 potions of curing
 q - a potion of brilliance {unknown}
 B - a potion of degeneration {unknown}
 E - 2 potions of mutation {unknown}
 G - a potion of lignification {unknown}
 J - a potion of resistance {unknown}
Books
 K - a book of Power

   Spells                             Type                      Level
   a - Iskenderun's Battlesphere      Conjuration/Charms           5
   b - Venom Bolt                     Conjuration/Poison           5
   c - Bolt of Magma                  Conjuration/Fire/Earth       5
   d - Iron Shot                      Conjuration/Earth            6
   e - Orb of Destruction             Conjuration                  7
   f - Spellforged Servitor           Conjuration/Summoning        7
Comestibles
 g - 3 meat rations
 i - a royal jelly
 s - 6 bread rations


   Skills:
 - Level 5.0 Fighting
 + Level 8.3 Maces & Flails
 - Level 5.0 Dodging
 - Level 2.6 Stealth
 + Level 2.6 Shields
 + Level 9.2 Invocations


You had 8 spell levels left.
You didn't know any spells.

Dungeon Overview and Level Annotations

Branches:
Dungeon (9/15)             Temple (0/1) D:7            Lair (0/6) D:8
    Orc: D:9-12

Altars:
Dithmenos
Elyvilon
Gozag
Xom
Zin

Shops:
D:6 *

Annotations:
D:3 Vojta's ghost, amateur TrHu
D:8 Erica; Salmacis's ghost, novice HuFi


Innate Abilities, Weirdness & Mutations

You cannot wear most types of armour.
You are very stealthy in the water. (Stealth+)
You are amphibious.
You can wear up to eight rings at the same time.
You can use your tentacles to constrict eight enemies at once.
Your skin changes colour to match your surroundings (Stealth+).
Your rubbery body absorbs attacks. (AC +1, EV +1)


Message History

The barbed spikes become lodged in your body.
There is a stone staircase leading up here.
The barbs in your skin will harm you if you move.
Continue?
The barbed spikes dig painfully into your body as you move.
The manticore closely misses you. You block the manticore's attack.
The manticore claws you! Zin grants you divine stamina.
The manticore bites you!! The manticore closely misses you.
The manticore completely misses you.
You feel very mighty all of a sudden. The manticore completely misses you.
The manticore misses you. The manticore claws you!
You sock the manticore!
The manticore is moderately wounded.
The manticore bites you.
* * * LOW HITPOINT WARNING * * *
The manticore claws you!
* * * LOW HITPOINT WARNING * * *
The manticore claws you!
You die...

#.# #######################..
#.# #....................##..
#.###.####....###........##..
#........H....# #|.H.....####
#####.####....# #........#
#.........# #........#
##......#.# ###+######
#[#.####.# #.# #.#...<@H# #.#
#.########## #.######### #.#
#....# #.......... #.#
#.##.############# #.#
#.#............... #.#
#.#..############# #.# #.#..#
#.# #.#..# #.# #.####


You could see a manticore.

Vanquished Creatures
  An orc warrior (D:7)
  A necrophage (D:8)
  An ice beast (D:7)
  A phantom (D:6)
  6 ogres
  3 centaurs
  A big kobold (D:7)
  2 bullfrogs
  2 wights (D:9)
  A howler monkey (D:8)
  A crimson imp (D:7)
  A bullfrog zombie (D:5)
  A centaur zombie (D:6)
  4 hounds
  2 jellies
  2 quasits (D:6)
  6 orc priests
  2 orc wizards
  Terence (D:2)
  A centaur skeleton (D:8)
  2 bullfrog skeletons (D:6)
  2 iguanas
  6 worker ants
  4 hound zombies
  3 hound skeletons
  A howler monkey zombie (D:8)
  A worker ant zombie (D:6)
  Robin (D:2)
  11 gnolls
  8 adders
  A shadow imp (D:6)
  9 oozes
  2 adder skeletons
  3 worms
  3 leopard geckos
  27 orcs
  4 giant cockroaches
  12 goblins
  9 hobgoblins
  6 jackals
  7 kobolds
  2 quokkas
  A ball python (D:2)
  9 bats
  5 frilled lizards
  2 quokka zombies (D:6)
  8 rats
189 creatures vanquished.

Notes
Turn   | Place    | Note
-------+----------+-------------------------------------------
     0 | D:1      | hexaflexagon the Octopode Monk began the quest for the Orb.
     0 | D:1      | Reached XP level 1. HP: 16/16 MP: 1/1
     1 | D:1      | Found a runed door.
   238 | D:1      | Reached XP level 2. HP: 21/21 MP: 2/2
   763 | D:2      | Reached XP level 3. HP: 16/26 MP: 3/3
   969 | D:2      | Noticed Terence
   979 | D:2      | Killed Terence
   979 | D:2      | Reached XP level 4. HP: 14/31 MP: 4/4
  1152 | D:2      | Found a white marble altar of Elyvilon.
  1235 | D:2      | Became a worshipper of Elyvilon the Healer
  1235 | D:2      | Reached * piety under Elyvilon
  1235 | D:2      | Reached ** piety under Elyvilon
  1280 | D:2      | Noticed an ogre
  1493 | D:2      | Found a basalt altar of Yredelemnul.
  1495 | D:2      | Found a burning altar of Makhleb.
  1495 | D:2      | Found a shimmering altar of Xom.
  1497 | D:2      | Found an opulent altar of Gozag.
  1497 | D:2      | Found an iron altar of Okawaru.
  1497 | D:2      | Found a shimmering altar of Xom.
  1541 | D:3      | Noticed Robin
  1552 | D:2      | Killed Robin
  1552 | D:2      | Reached skill level 5 in Maces & Flails
  1552 | D:2      | Reached skill level 1 in Invocations
  1640 | D:3      | Noticed Vojta's ghost (amateur TrHu)
  1643 | D:3      | Reached skill level 2 in Invocations
  1643 | D:3      | Reached XP level 5. HP: 34/36 MP: 6/6
  2111 | D:1      | Reached skill level 3 in Invocations
  2241 | D:3      | Reached XP level 6. HP: 29/42 MP: 8/8
  2296 | D:3      | Reached *** piety under Elyvilon
  2315 | D:3      | Noticed Natasha
  2332 | D:2      | Pacified Natasha
  2575 | D:3      | Reached skill level 4 in Invocations
  4142 | D:4      | Reached skill level 5 in Invocations
  4145 | D:4      | Reached XP level 7. HP: 42/46 MP: 10/10
  4612 | D:5      | Entered Level 5 of the Dungeon
  4721 | D:5      | Reached skill level 6 in Invocations
  4854 | D:5      | Found a shadowy altar of Dithmenos.
  4877 | D:5      | Found a glowing silver altar of Zin.
  4883 | D:5      | Fell from the grace of Elyvilon
  4883 | D:5      | Became a worshipper of Zin the Law-Giver
  4883 | D:5      | Reached * piety under Zin
  4883 | D:5      | Reached ** piety under Zin
  5210 | D:5      | Reached *** piety under Zin
  5254 | D:5      | Reached XP level 8. HP: 52/52 MP: 11/13
  5311 | D:5      | Reached skill level 7 in Invocations
  5928 | D:6      | Reached skill level 8 in Invocations
  6004 | D:6      | Found Ydah's Assorted Antiques.
  6030 | D:6      | Bought a shimmering bronze ring for 125 gold pieces
  6042 | D:6      | Identified the ring "Ifusmug" {rCorr rPois rF+++ rN+++ Str-2 Dex-2} (You bought it in a shop on level 6 of the Dungeon)
  6044 | D:6      | bloody hell
  6332 | D:6      | Reached **** piety under Zin
  6713 | D:7      | Noticed a cyclops
  6795 | D:6      | Reached XP level 9. HP: 44/58 MP: 15/15
  6969 | D:7      | Found a staircase to the Ecumenical Temple.
  7155 | D:7      | Got a fine ruby amulet
  7157 | D:7      | Identified the amulet "Arphasib" {Spirit Str+6} (You found it on level 7 of the Dungeon)
  7402 | D:7      | Reached skill level 1 in Shields
  7631 | D:8      | Noticed Erica
  7777 | D:8      | Noticed a manticore
  7901 | D:8      | Noticed Salmacis's ghost (novice HuFi)
  8037 | D:8      | Reached ***** piety under Zin
  8454 | D:8      | Found a staircase to the Lair.
  8583 | D:8      | Reached skill level 9 in Invocations
  9298 | D:9      | Reached skill level 5 in Fighting
  9298 | D:9      | Reached skill level 5 in Dodging
 10547 | D:8      | Slain by a manticore

Vault maps used:
D:1:      dpeg_arrival_caged_fury
D:2:      doesnt_xom_only_xom, elyvilon_altar_5, interstate_on_off, uniq_terence
D:3:      first_bread, uniq_natasha, uniq_robin
D:5:      grunt_dithmenos_smoke_and_mirrors, kennysheep_mini
D:6:      serial_shops, shop, serial_park_tiny_pond
D:7:      minmay_temple_entry_glassed_door
D:8:      lair_entry_dummy, uniq_erica
D:9:      uniq_grum

Skill      XL: |  1  2  3  4  5  6  7  8  9 |
---------------+----------------------------+-----
Maces & Flails | 4 5 6 7 8 |  8.3
Invocations    | 2 3 5 6 8 9 |  9.2
Fighting       | 4 5 |  5.0
Dodging        | 4 5 |  5.0
Shields        | 2 |  2.6
Stealth        | |  2.6

Action                   |  1- 3 |  4- 6 |  7- 9 || total
-------------------------+-------+-------+-------++-------
Melee: Mace              |    40 |   183 |   234 ||   457
       Constrict         |     9 |    39 |    47 ||    95
       Tentacles         |     4 |    35 |    69 ||   108
 Fire: Hunting sling     |       |       |    27 ||    27
Invok: Heal Other        |       |     3 |     1 ||     4
       Recite            |       |       |    25 ||    25
       Lesser Healing    |       |       |     2 ||     2
       Vitalisation      |       |       |     1 ||     1
Evoke: Wand              |       |       |     4 ||     4
  Use: Potion            |       |     2 |     4 ||     6
       Scroll            |       |     1 |     9 ||    10
 Stab: Sleeping          |     1 |    12 |     8 ||    21
       Distracted        |       |     2 |     1 ||     3
       Confused          |       |       |     2 ||     2
       Invisible         |       |       |     1 ||     1
       Paralysed         |       |       |     1 ||     1
  Eat: Chunk             |       |    12 |     9 ||    21
       Fruit             |       |       |     2 ||     2
       Royal jelly       |       |       |     4 ||     4
Armor: Skin              |     5 |     7 |     6 ||    18
Dodge: Dodged            |    38 |   123 |   183 ||   344
Block: Other             |       |     3 |    22 ||    25
       Reflection        |       |     2 |     1 ||     3
       Buckler           |       |       |    22 ||    22

Table legend:
 A = Spawn XP
 B = Non-spawn XP
 C = Spawn XP percentage of total XP
 D = Spawn monster count
 E = Non-spawn monster count
 F = Spawn count percentage of total count
 G = Total turns spent on level
                    A         B        C        D         E        F      G
               +---------+---------+-------+---------+---------+-------+---------
         Total |       0 |    4006 |   0.0 |       0 |     189 |   0.0 | 10547
               +---------+---------+-------+---------+---------+-------+---------
           D:1 |       0 |      88 |   0.0 |       0 |      27 |   0.0 |   906
           D:2 |       0 |     230 |   0.0 |       0 |      19 |   0.0 |  1834
           D:3 |       0 |     174 |   0.0 |       0 |      34 |   0.0 |   871
           D:4 |       0 |     360 |   0.0 |       0 |      32 |   0.0 |  1229
           D:5 |       0 |     660 |   0.0 |       0 |      17 |   0.0 |  1228
           D:6 |       0 |     765 |   0.0 |       0 |      20 |   0.0 |  1093
           D:7 |       0 |     747 |   0.0 |       0 |      17 |   0.0 |  1064
           D:8 |       0 |     646 |   0.0 |       0 |      16 |   0.0 |  2139
           D:9 |       0 |     336 |   0.0 |       0 |       7 |   0.0 |   183
               +---------+---------+-------+---------+---------+-------+---------
